 Dungeon Crawl Stone Soup version 0.31.0-32-g396128a36d (webtiles) character file.

Game seed: 7502150217565833584

32 spaghetti the Sneak (level 3, 0/28 HPs)
             Began as a Naga Enchanter on Mar 11, 2024.
             Slain by a ribbon worm (5 damage)
             ... on level 2 of the Dungeon.
             The game lasted 00:03:04 (1044 turns).

spaghetti the Sneak (Naga Enchanter)                Turns: 1044, Time: 00:03:04

Health: 0/28       AC:  2    Str: 10    XL:     3   Next: 27%
Magic:  5/6        EV:  9    Int: 17    God:
Gold:   38         SH:  0    Dex: 11    Spells: 3/6 levels left

rFire   . . .        a - +1 dagger
rCold   . . .        (no shield)
rNeg    . . .        b - +0 robe
rPois   +            (no helmet)
rElec   .            (no cloak)
rCorr   .            (no gloves)
SInv    +            (no barding)
Will    .....        (no amulet)
Stlth   ++           (no ring)
HPRegen 0.24/turn    (no ring)
MPRegen 0.10/turn

%: no passive effects
@: short of breath, very slow
A: AC +1, large, see invisible, deformed body, poison resistance, slowness 2,
spit poison 1, naga tail 1
a: Spit Poison


You were on level 2 of the Dungeon.
You visited 1 branch of the dungeon, and saw 2 of its levels.

You collected 38 gold pieces.

Inventory:

Hand Weapons
 a - a +1 dagger (weapon)
Armour
 b - a +0 robe (worn)
Scrolls
 d - 3 scrolls of identify {unknown}
 e - a scroll of revelation {unknown}
 f - a scroll of immolation {unknown}
 h - a scroll of teleportation {unknown}
Potions
 c - 2 potions of invisibility
 g - a potion of resistance {unknown}


   Skills:
 - Level 1.0 Short Blades
 - Level 1.5 Dodging
 - Level 4.4 Stealth
 - Level 2.0 Spellcasting
 + Level 4.3 Hexes


You had 3 spell levels left.
You knew the following spells:

 Your Spells              Type           Power      Damage    Failure   Level
a - Tukima's Dance        Hex            16%        N/A       10%         3

Your spell library contained the following spells:

 Spells                   Type           Power      Damage    Failure   Level
 Confusing Touch          Hex            16%        N/A       10%         3
 Ensorcelled Hibernation  Hex/Ice        18%        N/A       12%         2
 Dazzling Flash           Conj/Hex       18%        N/A       24%         3


Dungeon Overview and Level Annotations

Branches:
Dungeon (2/15)

Altars:

Shops:
D:2 ((


Innate Abilities, Weirdness & Mutations

Your serpentine skin is tough. (AC +1)
You have supernaturally acute eyesight. (SInv)
Armour fits poorly on your strangely shaped body.
Your system is resistant to poisons. (rPois)
You cover ground very slowly.
You can spit poison.
You have a snake-like lower body.


Message History

The ribbon worm is lightly wounded.
The ribbon worm expels a string of sticky webbing.
The stream of webbing misses you.
You hit the ribbon worm.
The ribbon worm is moderately wounded.
The ribbon worm bites you.
You hit the ribbon worm.
The ribbon worm is heavily wounded.
You have got your breath back.
The ribbon worm bites you.
You completely miss the ribbon worm.
The ribbon worm is heavily wounded.
You barely miss the ribbon worm.
The ribbon worm is heavily wounded.
The ribbon worm bites you.
You hit the ribbon worm.
The ribbon worm is severely wounded.
The ribbon worm looks more healthy.
The ribbon worm bites you but does no damage.
You hit the ribbon worm.
The ribbon worm is almost dead.
The ribbon worm bites you.
You hit the ribbon worm but do no damage.
The ribbon worm is almost dead.
You barely miss the ribbon worm.
The ribbon worm is almost dead.
The ribbon worm bites you.
* * * LOW HITPOINT WARNING * * *
Casting: Tukima's Dance (quite dangerous; 10% risk of failure)
Confirm with . or Enter, or press ? or * to list all spells.
Aiming: Tukima's Dance (quite dangerous; 10% risk of failure)
Press: ? - help, Shift-Dir - straight line, f - you, p - ribbon worm
Okay, then.
Aiming: Spit Poison (2% risk of failure)
Press: ? - help, Shift-Dir - straight line, f/p - ribbon worm
Aim: a ribbon worm (severely wounded, 86% to hit)
The splash of poison hits the ribbon worm.
The ribbon worm is almost dead.
The ribbon worm bites you.
You die...

.P.~P~PPP~~~~~~P~≈≈≈≈≈
....~.....~~.P~~~≈P~≈≈
..........).....~~~≈≈~
#.......#......).~
#######......#...
#....##.#.#
###.#.......## ..
#...#..w..#..###....
#.......@.....>..#
#......#..####)######..
..#.......# #.### #..
#.......#.## #...## #.#
#.#..#.##.### ###†.#
#.# #.........#
##.###.# # ##.........#
#.##..#####
#.#...#......
#..........
##.#...##...#.#
##......##


You could see a ribbon worm.

Vanquished Creatures
  An adder (D:2)
  2 ribbon worms (D:2)
  A ball python (D:1)
  2 bats (D:1)
  4 jackals (D:1)
  A kobold (D:2)
  A frilled lizard (D:1)
  5 rats
17 creatures vanquished.

Vanquished Creatures (collateral kills)
  A goblin (D:2)
1 creature vanquished.

Grand Total: 18 creatures vanquished

Notes
Turn   | Place    | Note
-------+----------+-------------------------------------------
     0 | D:1      | spaghetti the Naga Enchanter began the quest for the Orb.
     0 | D:1      | Reached XP level 1. HP: 15/15 MP: 3/3
   235 | D:1      | Reached XP level 2. HP: 12/22 MP: 5/5
   674 | D:2      | Found Fantauc's Antique Weapon Shoppe.
   710 | D:2      | Found Cinac's Weapon Shoppe.
   866 | D:2      | Found a faded altar of an unknown god.
   907 | D:2      | Reached XP level 3. HP: 15/28 MP: 6/6
   911 | D:2      | Learned a level 3 spell: Tukima's Dance
  1044 | D:2      | Slain by a ribbon worm

Illustrated notes

Levels and vault maps discovered:
D:1:      nzn_arrival_settlement, layout_basic,
          amcnicky_mini_rare_corridor_liquid
D:2:      layout_rooms, serial_shops, shop, nicolae_shop_waterfront,
          ebering_ecumenical_altar_abandoned, minmay_misc_feat_tiny,
          chequers_big_river

Skill      XL: |  1  2 |
---------------+-------+-----
Hexes          | 4 |  4.3
Short Blades   | |  1.0
Dodging        | |  1.5
Stealth        | |  4.4
Spellcasting   | |  2.0

Action                     || total
---------------------------++-------
  Melee: Dagger            ||    41
         Punch             ||     1
   Cast: Tukima's Dance    ||     1
Ability: Spit Poison       ||    26
    Use: Potion            ||     1
         Scroll            ||     1
 Armour: Robe              ||    25
         Skin              ||    11
  Dodge: Dodged            ||    17
